 Dungeon Crawl Stone Soup version 0.28.0-53-g5a82cb258f (webtiles) character file.

Game seed: 13920221028542692852

691 Ijustatesigmund the Magician (level 7, -3/44 HPs)
             Began as an Octopode Earth Elementalist on Aug 12, 2022.
             Slain by a scorpion zombie (6 damage)
             ... on level 5 of the Dungeon.
             The game lasted 00:13:22 (6588 turns).

Ijustatesigmund the Magician (OpEE)                 Turns: 6588, Time: 00:13:23

Health: -3/44      AC:  1    Str:  7    XL:     7   Next: 63%
Magic:  5/14       EV: 13    Int: 20    God:
Gold:   215        SH:  0    Dex: 12    Spells: 7/15 levels left

rFire   . . .      SeeInvis .   i - +4 quarterstaff (chaos)
rCold   . . .      Faith    .   (shield currently unavailable)
rNeg    . . .      Spirit   .   (helmet restricted)
rPois   .          Reflect  .   (no amulet)
rElec   .          Harm     .   (no ring)
rCorr   .          Rampage  .   (no ring)
Will    .....                   (no ring)
Stlth   +++.......              (no ring)
HPRegen 0.14/turn               (no ring)
MPRegen 0.14/turn               (no ring)
                                (no ring)
                                (no ring)

@: about to teleport
A: almost no armour, amphibious, 8 rings, camouflage 1, gelatinous body 1,
(nimble swimmer 1), tentacles
a: no special abilities


You were on level 5 of the Dungeon.
You visited 1 branch of the dungeon, and saw 5 of its levels.

You collected 215 gold pieces.

Inventory:

Hand Weapons
 a - a +1 whip
 f - a +7 antimagic spear
 i - a +4 quarterstaff of chaos (weapon)
Missiles
 b - 41 stones
Jewellery
 m - a ring of fire
Wands
 h - a wand of flame (9)
Scrolls
 d - a scroll of torment
 g - a scroll of fog
 j - a scroll of identify
 k - a scroll of blinking
 l - 2 scrolls of teleportation
Potions
 c - 2 potions of lignification
 e - a potion of magic


   Skills:
 + Level 1.9 Fighting
 + Level 1.6 Staves
 - Level 2.0 Dodging
 - Level 2.6 Stealth
 + Level 4.9 Spellcasting
 + Level 4.3 Conjurations
 - Level 2.0 Translocations
 - Level 1.0 Transmutations
 - Level 3.7 Earth Magic


You had 7 spell levels left.
You knew the following spells:

 Your Spells              Type           Power      Damage    Failure   Level
a - Sandblast             Erth           38%        2d10      2%          1
b - Stone Arrow           Conj/Erth      42%        3d9       7%          3
c - Passwall              Tmut/Erth      11%        N/A       7%          2
d - Blink                 Tloc           26%        N/A       8%          2

Your spell library contained the following spells:

 Spells                   Type           Power      Damage    Failure   Level
 Tukima's Dance           Hex            4%         N/A       34%         3
 Petrify                  Tmut/Erth      14%        N/A       41%         4
 Passage of Golubria      Tloc           13%        N/A       45%         4
 Manifold Assault         Tloc           13%        N/A       80%         5
 Yara's Violent Unravell  Hex/Tmut       3%         3d4       95%         5
 Storm Form               Tmut/Air       3%         N/A       100%        7


Dungeon Overview and Level Annotations

Branches:
Dungeon (5/15)             Temple (0/1) D:4

Altars:
Wu Jian


Innate Abilities, Weirdness & Mutations

You cannot wear most types of armour.
You are amphibious.
You can wear up to eight rings at the same time.
Your skin changes colour to match your surroundings (Stealth+).
Your rubbery body absorbs attacks. (AC +1, EV +1)
((You are camouflaged when in or above water. (Stealth+)))
You have tentacles for arms and can constrict up to eight enemies at once.


Message History

There is a stone staircase leading down here.
You thump the centaur zombie!
You squeeze the centaur zombie, but do no damage.
The centaur zombie is moderately damaged.
The centaur zombie misses you. The centaur zombie kicks you.
* * * LOW HITPOINT WARNING * * *
The centaur zombie hits you.
* * * LOW HITPOINT WARNING * * *
The centaur zombie kicks you.
* * * LOW HITPOINT WARNING * * *
Casting: Stone Arrow (dangerous; 7% risk of failure)
Confirm with . or Enter, or press ? or * to list all spells.
Okay, then.
Casting: Stone Arrow (dangerous; 7% risk of failure)
Confirm with . or Enter, or press ? or * to list all spells.
You blink.
Okay, then.
As you read the scroll of teleportation, it crumbles to dust.
You feel strangely unstable. Something hits you.
* * * LOW HITPOINT WARNING * * *
Casting: Blink (safe; 8% risk of failure)
Confirm with . or Enter, or press ? or * to list all spells.
Aiming: Stone Arrow (dangerous; 7% risk of failure)
Press: ? - help, Shift-Dir - straight line, f - howler monkey skeleton
Aim: a howler monkey skeleton (severely damaged, 94% to hit)
The stone arrow hits something!!
Something hits you.
* * * LOW HITPOINT WARNING * * *
Unknown command.
Okay, then.
Casting: Stone Arrow (dangerous; 7% risk of failure)
Confirm with . or Enter, or press ? or * to list all spells.
Aiming: Stone Arrow (dangerous; 7% risk of failure)
Press: ? - help, Shift-Dir - straight line, f - centaur zombie, p - howler monkey skeleton
Aim: a centaur zombie (moderately damaged, 100% to hit)
The stone arrow hits the centaur zombie!!
The centaur zombie is almost destroyed.
You feel stable enough to blink again.
The howler monkey skeleton barely misses you.
Something hits you.
You die...

###....... #........#
#.≈≈≈≈.# #.§≈≈≈.# ##{§§≈≈§#
#..Z§§§§# #..§§§§§#
#########..§+§..#+#
#..@......### ......
#..ZZ..†..# .......
#.........###.......
########........#.#.#.#.#.#
.......(.........#.#.#.#.#.
######>........#.#.#.#.#.#
.................#.#.#.#.#.
#####.#..########.#.#.#.#.#
#.#.... ..#.#.#.#.#.


You could see a centaur zombie and a howler monkey skeleton.

Vanquished Creatures
  Edmund (D:5)
  The ghost of kalagan the Conjurer, an amateur DECj (D:3)
  A gnoll sergeant (D:4)
  A scorpion (D:4)
  A jelly (D:4)
  Crazy Yiuf (D:2)
  A centaur zombie (D:3)
  3 iguanas (D:4)
  A scorpion simulacrum (D:3)
  Robin (D:3)
  4 gnolls (D:4)
  A howler monkey skeleton (D:4)
  6 adders
  An adder skeleton (D:4)
  4 worms
  A dart slug (D:4)
  4 adder simulacra (D:3)
  2 orcs
  2 endoplasms (D:3)
  A giant cockroach (D:3)
  14 goblins
  9 hobgoblins
  3 kobolds
  4 quokkas
  3 ball pythons
  3 bats
  3 frilled lizards
  A giant cockroach simulacrum (D:3)
  A jackal skeleton (D:4)
  2 rats
81 creatures vanquished.

Vanquished Creatures (others)
  A withered plant (D:5)
1 creature vanquished.

Grand Total: 82 creatures vanquished

Notes
Turn   | Place    | Note
-------+----------+-------------------------------------------
     0 | D:1      | Ijustatesigmund the Octopode Earth Elementalist began the
                  | quest for the Orb.
     0 | D:1      | Reached XP level 1. HP: 11/11 MP: 3/3
   336 | D:1      | Reached XP level 2. HP: 17/17 MP: 1/5
   766 | D:1      | Found a faded altar of an unknown god.
  2080 | D:2      | Found a runed translucent door.
  2081 | D:2      | Noticed Crazy Yiuf
  2167 | D:3      | Reached XP level 3. HP: 21/21 MP: 5/7
  2176 | D:3      | Learned a level 3 spell: Stone Arrow
  2179 | D:3      | Learned a level 2 spell: Passwall
  2374 | D:3      | Found a runed translucent gate.
  2374 | D:3      | Found a runed translucent gate.
  2381 | D:3      | Found a runed translucent gate.
  2884 | D:4      | Reached skill level 1 in Conjurations
  2884 | D:4      | Reached XP level 4. HP: 18/27 MP: 8/8
  3335 | D:4      | Noticed a gnoll sergeant
  3347 | D:4      | Killed a gnoll sergeant
  3348 | D:4      | Reached XP level 5. HP: 21/31 MP: 0/10
  3784 | D:4      | Found a staircase to the Ecumenical Temple.
  3873 | D:4      | Learned a level 2 spell: Blink
  3937 | D:4      | Reached XP level 6. HP: 36/36 MP: 6/12
  4013 | D:4      | Reached skill level 1 in Translocations
  4703 | D:4      | Found an ornate altar of the Wu Jian Council.
  5168 | D:2      | Killed Crazy Yiuf
  5169 | D:2      | Reached XP level 7. HP: 42/42 MP: 6/13
  5171 | D:2      | Identified the +1 mace "Xennedeff" {flame, Str+6 Int-2
                  | Stlth+}
  5419 | D:3      | Noticed Robin
  5611 | D:3      | Killed Robin
  6137 | D:3      | Reached skill level 1 in Fighting
  6139 | D:3      | Noticed kalagan's ghost (amateur DECj)
  6142 | D:3      | Killed kalagan's ghost
  6143 | D:3      | Reached skill level 1 in Staves
  6258 | D:5      | Entered Level 5 of the Dungeon
  6282 | D:5      | Noticed Edmund
  6292 | D:5      | Killed Edmund
  6588 | D:5      | Slain by a scorpion zombie

Illustrated notes

Levels and vault maps discovered:
D:1:      erik_arrival_cave_to_civilisation [erik_arrival_cave_to_temple],
          layout_basic, shapermc_ecumenical_altar_mp_urbaneastern,
          minmay_misc_feat_rugged, nicolae_concentric_dashed_squares_mild
D:2:      layout_loops_ring, uniq_crazy_yiuf_cottage
D:3:      layout_loops_ring, gammafunk_ghost_icy, uniq_robin
D:4:      layout_loops_ring, nicolae_wu_jian_glorious_leap,
          minmay_temple_entry_drinking_statues
D:5:      cheibrodos_barr_body, layout_basic, serial_undead, serial_undead_a,
          serial_undead_f, serial_undead_f, serial_undead_c, chequers_arboretum,
          minivault_23, uniq_edmund

Skill      XL: |  1  2  3  4  5  6  7 |
---------------+----------------------+-----
Spellcasting   | 3 4 |  4.9
Conjurations   | 1 2 3 4 |  4.3
Translocations | 2 |  2.0
Fighting       | 1 |  1.9
Staves         | 1 |  1.6
Dodging        | |  2.0
Stealth        | |  2.6
Transmutations | |  1.0
Earth Magic    | |  3.7

Action                   |  1- 3 |  4- 6 |  7- 9 || total
-------------------------+-------+-------+-------++-------
Melee: Unarmed           |     6 |       |       ||     6
       Whip              |    20 |    30 |       ||    50
       Constrict         |     5 |     7 |     8 ||    20
       Tentacles         |     4 |    11 |     8 ||    23
       Punch             |     1 |       |     1 ||     2
       Quarterstaff      |       |       |    36 ||    36
 Cast: Sandblast         |    27 |    17 |     1 ||    45
       Stone Arrow       |       |    18 |    11 ||    29
       Passwall          |       |     6 |       ||     6
       Blink             |       |       |     1 ||     1
Evoke: Wand              |       |       |     6 ||     6
  Use: Scroll            |     5 |     2 |     2 ||     9
       Potion            |       |       |     1 ||     1
 Stab: Sleeping          |     4 |     1 |     2 ||     7
Armor: Skin              |       |     6 |     1 ||     7
Dodge: Dodged            |    14 |    24 |    20 ||    58
